 Dungeon Sprint DCSS version 0.26-a0-851-g735459dd53 (webtiles) character file.

Game seed: 16142648671885609285

8304 Conn the Thaumaturge (level 11, -1/64 HPs)
             Began as an Octopode Fire Elementalist on Nov 21, 2020.
             Was the Champion of Vehumet.
             Slain by a warg (5 damage)
             ... in the Dungeon (Sprint VII: "The Pits").
             The game lasted 00:29:32 (3081 turns).

Conn the Thaumaturge (Octopode Fire Elementalist)   Turns: 3081, Time: 00:29:43

Health: -1/64      AC:  4    Str: 11    XL:     11   Next: 28%
Magic:  5/29       EV: 15    Int: 20    God:    Vehumet [******]
Gold:   0          SH:  0    Dex: 13    Spells: 11/39 levels left

rFire    + . .     SeeInvis .   r - +1 broad axe of Experimentation {vamp, rF+}
rCold    . . .     Faith    .   (no shield)
rNeg     . . .     Spirit   .   (helmet restricted)
rPois    .         Reflect  .   (no amulet)
rElec    .         Harm     .   k - +3 ring of protection
rCorr    .         Rampage  .   m - +3 ring of strength
MR       .....     NoTele   +   (no ring)
Stlth    +++.......             (no ring)
HPRegen  0.20/turn              (no ring)
MPRegen  0.21/turn              (no ring)
                                (no ring)
                                (no ring)

@: no status effects
A: almost no armour, stealthy swim, amphibious, 8 rings, constrict 8, camouflage
1, gelatinous body 1
a: Renounce Religion


You were in the Dungeon.
You worshipped Vehumet.
Vehumet was exalted by your worship.
You visited 1 branch

Inventory:

Hand Weapons
 a - a +2 dagger
 l - a +0 dagger of electrocution
 q - a +2 rapier of speed
 r - the +1 broad axe of Experimentation (weapon) {vamp, rF+}
   (You found it in the Dungeon)

   It inflicts no extra harm, but heals its wielder when it wounds a living foe.
   It protects you from fire.
Jewellery
 k - a +3 ring of protection (left tentacle)
 m - a +3 ring of strength (right tentacle)
Scrolls
 i - 3 scrolls of remove curse
 j - 5 scrolls of amnesia
Potions
 b - 5 potions of curing
 d - a potion of haste
 f - 3 potions of berserk rage
 h - a potion of invisibility
 n - a potion of might
 o - 2 potions of resistance
 p - a potion of mutation


   Skills:
 + Level 2.2 Fighting
 + Level 5.1 Short Blades
 + Level 3.8 Dodging
 - Level 2.6 Stealth
 * Level 14.8 Spellcasting
 * Level 12.6 Conjurations
 + Level 13.0 Fire Magic
 + Level 7.4 Air Magic
 + Level 6.2 Earth Magic


You had 11 spell levels left.
You knew the following spells:

 Your Spells              Type           Power        Failure   Level
a - Foxfire               Conj/Fire      ####         0%          1
b - Searing Ray           Conj           ######       1%          2
c - Conjure Flame         Conj/Fire      ######..     1%          3
d - Sticky Flame          Conj/Fire      ######..     1%          4
e - Fireball              Conj/Fire      ######....   1%          5
f - Airstrike             Air            #####.....   1%          4
g - Inner Flame           Hex/Fire       #####...     1%          3
h - Iron Shot             Conj/Erth      ######....   4%          6

Your spell library contained the following spells:

 Spells                   Type           Power        Failure   Level
 Orb of Destruction       Conj           ######....   5%          7


Dungeon Overview and Level Annotations

Branches:
Dungeon (1/1)

Altars:
Ashenzari
Cheibriados
Dithmenos
Elyvilon
Fedhas
Gozag
Hepliaklqana
Kikubaaqudgha
Makhleb
Nemelex Xobeh
Okawaru
Qazlal
Ru
Sif Muna
Trog
Uskayaw
Vehumet
Wu Jian
Xom
Yredelemnul
Zin
The Shining One
Beogh
Jiyva
Lugonu


Innate Abilities, Weirdness & Mutations

You cannot wear most types of armour.
You are very stealthy in the water. (Stealth+)
You are amphibious.
You can wear up to eight rings at the same time.
You can use your tentacles to constrict eight enemies at once.
Your skin changes colour to match your surroundings (Stealth+).
Your rubbery body absorbs attacks. (AC +1, EV +1)


Message History

The sticky flame hits the tyrant leech.
The tyrant leech is almost dead.
The tyrant leech is covered in liquid flames!
The tyrant leech burns!
The warg closely misses you. The tyrant leech bites you!!
* * * LOW HITPOINT WARNING * * *
The tyrant leech draws strength from your injuries!
The tyrant leech burns!
The warg bites you!
* * * LOW HITPOINT WARNING * * *
Unknown command.
Casting: Sticky Flame (safe; 1% risk of failure)
Confirm with . or Enter, or press ? or * to list all spells.
Aiming: Sticky Flame (safe; 1% risk of failure)
Press: ? - help, Shift-Dir - straight line, f - warg, p - tyrant leech
Aim: a warg (almost dead)
The sticky flame hits the warg but does no damage.
The warg is almost dead.
The warg is covered in liquid flames!
The warg burns!
The tyrant leech burns!
The warg bites you.
You die...

########## ________.# ________.#
______...###########++######
########'##................#
?(.')))'.##.....@#..#......#
########.##...).wh.........+
...)).....)..........))....+
#####'#####)....)#..#......#
#...#.#..##................#
#...#.#.)#####'#####''######
#...'.#))##..)....##''###########
##'####))##.......##......#...'.N
#.†..)#[[##.......##....###...###


You could see a tyrant leech (burning) and a warg (burning).

Vanquished Creatures
  Erolcha (D)
  2 naga warriors (D)
  A death yak (D)
  A shadow wraith (D)
  3 deep elf magi (D)
  An orc sorcerer (D)
  A salamander (D)
  An orange demon (D)
  A polar bear (D)
  3 blink frogs (D)
  A tarantella (D)
  A small abomination (D)
  4 insubstantial wisps (D)
  A soldier ant (D)
  2 nagas (D)
  A warg (D)
  A water moccasin (D)
  A floating eye (D)
  A swamp drake (D)
  A black bear (D)
  An eye of draining (D)
  An ogre (D)
  2 bullfrogs (D)
  A scorpion (D)
  5 wights (D)
  A quasit (D)
  An orc priest (D)
  A hound (D)
  An orc wizard (D)
  An iguana (D)
  Ijyb (D)
  A river rat (D)
  An ufetubus (D)
  An adder simulacrum (D)
  An orc (D)
  2 ball pythons (D)
  A bat skeleton (D)
  2 jackals (D)
  A quokka (D)
  A kobold (D)
  A leopard gecko skeleton (D)
  A rat (D)
58 creatures vanquished.

Vanquished Creatures (others)
  41 foxfires (D)
41 creatures vanquished.

Grand Total: 99 creatures vanquished

Notes
Turn   | Place    | Note
-------+----------+-------------------------------------------
     0 | D        | Conn the Octopode Fire Elementalist began the quest for the
                  | Orb.
     0 | D        | Reached XP level 1. HP: 11/11 MP: 3/3
   129 | D        | Found a bloodstained altar of Trog.
   129 | D        | Found a shimmering blue altar of Sif Muna.
   129 | D        | Found a viscous altar of Jiyva.
   129 | D        | Found a hazy altar of Hepliaklqana.
   129 | D        | Found an opulent altar of Gozag.
   130 | D        | Found a glowing golden altar of the Shining One.
   130 | D        | Found a glowing silver altar of Zin.
   130 | D        | Found a basalt altar of Yredelemnul.
   130 | D        | Found a shimmering altar of Xom.
   130 | D        | Found an ornate altar of the Wu Jian Council.
   130 | D        | Found a sacrificial altar of Ru.
   130 | D        | Found a stormy altar of Qazlal.
   130 | D        | Found an iron altar of Okawaru.
   130 | D        | Found a sparkling altar of Nemelex Xobeh.
   130 | D        | Found a burning altar of Makhleb.
   130 | D        | Found a blossoming altar of Fedhas.
   130 | D        | Found a white marble altar of Elyvilon.
   130 | D        | Found a shadowy altar of Dithmenos.
   130 | D        | Found a snail-covered altar of Cheibriados.
   131 | D        | Found a radiant altar of Vehumet.
   131 | D        | Found a corrupted altar of Lugonu.
   131 | D        | Found a roughly hewn altar of Beogh.
   132 | D        | Found a hide-covered altar of Uskayaw.
   132 | D        | Found an ancient bone altar of Kikubaaqudgha.
   132 | D        | Found a broken altar of Ashenzari.
   139 | D        | Became a worshipper of Vehumet
   160 | D        | Reached * piety under Vehumet
   160 | D        | Offered knowledge of Shock by Vehumet.
   455 | D        | Reached XP level 2. HP: 17/17 MP: 5/5
   457 | D        | Noticed a floating eye
   462 | D        | Reached ** piety under Vehumet
   462 | D        | Offered knowledge of Freeze by Vehumet.
   536 | D        | Reached skill level 3 in Spellcasting
   540 | D        | Killed a floating eye
   541 | D        | Reached skill level 1 in Short Blades
   541 | D        | Reached skill level 5 in Spellcasting
   541 | D        | Reached XP level 3. HP: 21/21 MP: 6/9
   541 | D        | Reached XP level 4. HP: 27/27 MP: 7/11
   548 | D        | Reached XP level 5. HP: 28/31 MP: 7/13
   666 | D        | Offered knowledge of Searing Ray by Vehumet.
   666 | D        | Reached *** piety under Vehumet
   667 | D        | Reached skill level 6 in Spellcasting
   680 | D        | Learned a level 2 spell: Searing Ray
   684 | D        | Learned a level 3 spell: Conjure Flame
   689 | D        | Learned a level 4 spell: Sticky Flame
   695 | D        | Learned a level 5 spell: Fireball
   723 | D        | Offered knowledge of Airstrike by Vehumet.
   724 | D        | Reached XP level 6. HP: 36/36 MP: 11/15
   728 | D        | Reached skill level 7 in Spellcasting
   728 | D        | Reached skill level 5 in Conjurations
   847 | D        | Noticed a deep elf mage
   850 | D        | Noticed Ijyb
   853 | D        | Reached **** piety under Vehumet
   861 | D        | Reached skill level 8 in Spellcasting
   862 | D        | Killed Ijyb
   865 | D        | Reached ***** piety under Vehumet
   866 | D        | Reached XP level 7. HP: 13/41 MP: 4/19
   866 | D        | Killed a deep elf mage
   867 | D        | Reached skill level 10 in Spellcasting
   867 | D        | Reached skill level 10 in Fire Magic
   867 | D        | Reached XP level 8. HP: 15/46 MP: 3/22
  1121 | D        | Learned a level 4 spell: Airstrike
  1125 | D        | Learned a level 3 spell: Inner Flame
  1129 | D        | Offered knowledge of Yara's Violent Unravelling by Vehumet.
  1131 | D        | Noticed a deep elf mage
  1137 | D        | Killed a deep elf mage
  1230 | D        | Reached skill level 11 in Spellcasting
  1290 | D        | Noticed a polar bear
  1295 | D        | Offered knowledge of Iron Shot by Vehumet.
  1296 | D        | Killed a polar bear
  1297 | D        | Reached XP level 9. HP: 52/52 MP: 11/24
  1408 | D        | Got the +1 broad axe of Experimentation {vamp, rF+}
  1488 | D        | Learned a level 6 spell: Iron Shot
  1492 | D        | Killed a shadow wraith
  1493 | D        | Reached skill level 1 in Fighting
  1493 | D        | Reached skill level 12 in Spellcasting
  1612 | D        | Offered knowledge of Conjure Ball Lightning by Vehumet.
  1689 | D        | Reached skill level 5 in Air Magic
  1697 | D        | Reached ****** piety under Vehumet
  1802 | D        | Noticed a death yak
  1816 | D        | Killed a death yak
  1817 | D        | Reached skill level 5 in Short Blades
  1817 | D        | Reached skill level 10 in Conjurations
  1817 | D        | Reached XP level 10. HP: 26/58 MP: 9/26
  2000 | D        | Noticed a naga warrior
  2002 | D        | Noticed a salamander
  2009 | D        | Noticed a naga warrior
  2160 | D        | Noticed an orange demon
  2165 | D        | Killed an orange demon
  2183 | D        | Offered knowledge of Bolt of Magma by Vehumet.
  2184 | D        | Reached skill level 13 in Spellcasting
  2193 | D        | Killed a naga warrior
  2485 | D        | Noticed a deep elf mage
  2491 | D        | Killed a deep elf mage
  2547 | D        | Reached skill level 5 in Earth Magic
  2549 | D        | Noticed an orc sorcerer
  2551 | D        | Paralysed by an orc sorcerer for 6 turns
  2553 | D        | Noticed Erolcha
  2555 | D        | Noticed a rust devil
  2576 | D        | Killed a naga warrior
  2576 | D        | Noticed a smoke demon
  2577 | D        | Reached skill level 14 in Spellcasting
  2580 | D        | Killed an orc sorcerer
  2580 | D        | Offered knowledge of Orb of Destruction by Vehumet.
  2581 | D        | Reached XP level 11. HP: 25/64 MP: 8/29
  2591 | D        | Killed Erolcha
  2811 | D        | Killed a salamander
  3081 | D        | Slain by a warg

Illustrated notes

Levels and vault maps discovered:
D:        pitsprint [storerooms_1, entrance_room_1, metal_vault_6, armoury_2,
          mini_pit_1, grid_room_1, main_hall_1, silver_pit, the_coven_1,
          the_vestibule_1, steel_vault_1, golden_pit, hallway_of_sentries,
          crystal_vault_2, iron_vault_4, final_vault]

Skill      XL: |  1  2  3  4  5  6  7  8  9 10 11 |
---------------+----------------------------------+-----
Fire Magic     | 4 6 7 8 9 10 11 12 13 | 13.0
Spellcasting   | 5 6 8 10 11 12 14 | 14.8
Short Blades   | 1 2 3 4 5 |  5.1
Conjurations   | 3 4 6 7 8 10 11 12 | 12.6
Air Magic      | 3 5 7 |  7.4
Dodging        | 3 |  3.8
Fighting       | 1 2 |  2.2
Earth Magic    | 3 5 6 |  6.2
Stealth        | |  2.6

Action                   |  1- 3 |  4- 6 |  7- 9 | 10-12 || total
-------------------------+-------+-------+-------+-------++-------
Melee: Dagger            |    11 |     6 |    15 |       ||    32
       Constrict         |     3 |     3 |     4 |       ||    10
       Tentacles         |       |     4 |     4 |       ||     8
       Broad axe         |       |       |     1 |     1 ||     2
 Cast: Foxfire           |     9 |     3 |     1 |    13 ||    26
       Searing Ray       |       |     5 |     2 |     1 ||     8
       Conjure Flame     |       |     2 |     1 |     1 ||     4
       Sticky Flame      |       |     1 |     4 |     5 ||    10
       Fireball          |       |       |    17 |    27 ||    44
       Airstrike         |       |       |       |     6 ||     6
       Iron Shot         |       |       |       |    10 ||    10
  Use: Potion            |     1 |     1 |     1 |    14 ||    17
       Scroll            |       |     1 |       |     1 ||     2
 Stab: Sleeping          |     4 |     1 |     1 |       ||     6
Armor: Skin              |       |       |       |     3 ||     3
Dodge: Dodged            |     2 |     7 |    15 |    20 ||    44

Table legend: (Time is in decaauts)
 A = Elapsed time spent in this place.
 B = Non-inter-level travel time spent in this place.
 C = Inter-level travel time spent in this place.
 D = Time resting spent in this place.
 E = Time spent auto-exploring this place.
 F = Levels seen in this place.
 G = Mean time per level.
                   A        B        C        D        E       F      G
               +--------+--------+--------+--------+--------+-----+--------+
         Total |   3070 |   3070 |      0 |   1930 |      0 |   1 | 3070.0 |
       Dungeon |   3070 |   3070 |      0 |   1930 |      0 |   1 | 3070.0 |
               +--------+--------+--------+--------+--------+-----+--------+

Top non-repeatable levels by time:
       D: 3070 daAuts
